Map: Ruins of Seras

Players

CMStormPolt (Polt)

  • Race: Terran Terran
  • League: Grandmaster

Neeb - Winner!

  • Race: Protoss Protoss
  • League: Grandmaster

VOD

Have the link to the VOD?

Description

Time

  • Played on: Feb. 13, 2016, 8:19 p.m.
  • Length: 10:38
Show
View Real Time Build Order
Export as new Build Order

CMStormPolt Terran 

Build Orders: Reaper Expand, MMM Bio 

Get SALT Encoding   

  12  0:00  SCV  
  13  0:12  SCV  
  14  0:18  Supply Depot  
  14  0:25  SCV  
  15  0:39  SCV  
  15  0:41  Barracks  
  16  0:46  Refinery  
  16  0:51  SCV  
  17  1:03  SCV  
  18  1:16  SCV  
  19  1:28  Orbital Command, Reaper  
  20  1:46  Command Center  
  20  1:53  SCV  
  21  1:55  Supply Depot  
  21  2:03  Barracks Reactor  
  21  2:06  SCV  
  22  2:08  Barracks  
  22  2:18  SCV  
  22  2:19  Barracks  
  23  2:30  SCV  
  24  2:39  Marine x2  
  24  2:42  SCV  
  27  2:54  SCV  
  27  2:55  Barracks Tech Lab  
  27  2:57  Marine x2  
  27  2:58  Orbital Command  
  30  3:06  SCV  
  30  3:08  Marine  
  32  3:14  Marauder  
  32  3:15  Stimpack  
  32  3:16  Marine x2  
  32  3:18  SCV  
  37  3:20  Supply Depot  
  37  3:23  SCV  
  37  3:26  Marine  
  39  3:30  SCV  
  39  3:34  Marine x2  
  40  3:35  SCV, Marauder  
  45  3:42  SCV  
  45  3:47  SCV  
  47  3:48  Supply Depot  
  47  3:54  SCV, Refinery  
  48  3:56  Engineering Bay  
  48  3:59  Marine x2, SCV, Marauder  
  48  4:01  Marine  
  54  4:07  SCV  
  54  4:11  SCV  
  55  4:19  SCV  
  55  4:21  Marine x3  
  55  4:22  Marauder  
  55  4:23  SCV  
  56  4:26  Missile Turret  
  56  4:31  SCV  
  54  4:36  SCV, Missile Turret  
  55  4:39  Missile Turret  
  55  4:43  SCV  
  56  4:47  Marine x4  
  56  4:48  SCV  
  61  4:54  Factory  
  61  4:55  SCV  
  62  5:03  Refinery  
  62  5:08  Supply Depot  
  62  5:10  Marine x4, SCV x2  
  68  5:18  Combat Shields  
  68  5:21  Supply Depot  
  68  5:22  SCV x2  
  68  5:34  SCV x2  
  70  5:36  Marine x4  
  70  5:39  Terran Infantry Weapons Level 1  
  74  5:46  SCV x2  
  75  5:52  Factory Reactor, Starport  
  75  5:56  Refinery  
  75  5:59  SCV x2, Supply Depot x2  
  76  6:07  Marine x2  
  78  6:15  Marine  
  78  6:17  Marine  
  78  6:18  SCV  
  78  6:20  SCV  
  78  6:30  SCV  
  78  6:32  SCV  
  80  6:36  Widow Mine  
  80  6:37  Command Center  
  82  6:43  SCV  
  82  6:44  SCV  
  82  6:45  Barracks Reactor  
  82  6:46  Medivac  
  82  6:47  Medivac  
  88  6:49  Supply Depot  
  88  6:53  Barracks  
  88  6:54  Barracks, Concussive Shells  
  88  6:59  SCV x2  
  90  7:02  Supply Depot  
  90  7:08  Widow Mine  
  92  7:20  Medivac x2  
  96  7:23  SCV x2  
  97  7:35  SCV x2, Marine x2  
  97  7:36  Marine x2, Marauder  
  104  7:40  Supply Depot  
  104  7:41  Supply Depot  
  104  7:52  SCV x2  
  104  7:53  Orbital Command  
  104  7:56  Barracks Tech Lab, Barracks Reactor  
  104  7:57  Widow Mine  
  108  8:03  Terran Infantry Armor Level 1  
  108  8:04  SCV x2  
  110  8:15  Marine x2  
  110  8:16  Marine x2, Marauder x2  
  110  8:17  SCV x2  
  110  8:19  Liberator x2  
  121  8:20  SCV  
  121  8:23  Armory  
  121  8:25  Supply Depot x2  
  121  8:26  Engineering Bay  
  121  8:31  Widow Mine  
  121  8:34  SCV x3  
  125  8:37  Refinery  
  125  8:38  Refinery  
  132  8:53  Marine x6, Marauder x2  
  142  8:57  SCV x2  
  142  8:58  SCV  
  142  8:59  Barracks x2  
  142  9:00  Barracks  
  142  9:02  Widow Mine  
  140  9:20  Marine x4, Marauder x2  
  140  9:21  Marine x2  
  147  9:29  SCV x3  
  134  9:43  Marauder x2  
  134  9:44  Marine x6  
  119  10:04  Widow Mine  
Show
View Real Time Build Order
Export as new Build Order

Neeb Protoss - Winner!

Build Orders: 1 Gate Expand, Oracle Opening 

Get SALT Encoding   

  12  0:00  Probe (Chrono Boost)  
  13  0:11  Probe (Chrono Boost)  
  14  0:18  Pylon  
  14  0:22  Probe (Chrono Boost)  
  15  0:36  Probe (Chrono Boost)  
  15  0:37  Gateway  
  16  0:47  Probe (Chrono Boost)  
  17  0:51  Assimilator  
  17  0:57  Probe (Chrono Boost)  
  18  1:08  Probe (Chrono Boost)  
  19  1:20  Nexus  
  19  1:23  Probe (Chrono Boost)  
  20  1:34  Cybernetics Core  
  20  1:36  Probe (Chrono Boost)  
  21  1:41  Assimilator  
  21  1:46  Probe (Chrono Boost)  
  22  1:51  Pylon  
  22  1:57  Probe (Chrono Boost)  
  23  2:09  Probe (Chrono Boost)  
  23  2:10  Adept (Chrono Boost)  
  23  2:11  Warp Gate  
  25  2:20  Probe  
  26  2:32  Probe x2 (Chrono Boost)  
  26  2:33  Stargate  
  26  2:36  Adept (Chrono Boost)  
  30  2:44  Probe x2 (Chrono Boost)  
  32  2:55  Probe x2 (Chrono Boost)  
  34  3:03  Adept  
  34  3:05  Probe x2 (Chrono Boost)  
  38  3:15  Pylon  
  38  3:16  Oracle (Chrono Boost), Probe (Chrono Boost)  
  38  3:17  Probe (Chrono Boost)  
  43  3:27  Probe  
  43  3:28  Probe  
  45  3:38  Probe  
  45  3:39  Probe, Robotics Facility  
  47  3:49  Assimilator x2  
  47  3:50  Probe (Chrono Boost)  
  47  3:51  Probe (Chrono Boost)  
  49  3:57  Pylon  
  51  4:03  Mothership Core (Chrono Boost), Probe (Chrono Boost)  
  51  4:08  Gateway  
  51  4:09  Gateway  
  50  4:13  Probe (Chrono Boost)  
  51  4:21  Probe (Chrono Boost)  
  53  4:24  Probe (Chrono Boost)  
  53  4:31  Probe (Chrono Boost)  
  53  4:34  Probe (Chrono Boost)  
  53  4:38  Twilight Council  
  55  4:40  Observer (Chrono Boost), Probe (Chrono Boost)  
  55  4:41  Forge  
  58  4:45  Probe  
  58  4:48  Pylon  
  58  4:49  Sentry  
  60  4:53  Probe  
  60  4:55  Pylon  
  60  4:58  Probe  
  62  5:03  Nexus  
  62  5:04  Pylon  
  62  5:05  Probe  
  62  5:06  Observer (Chrono Boost), Blink  
  64  5:08  Stalker  
  64  5:09  Stalker  
  68  5:17  Protoss Ground Armor Level 1 (Chrono Boost)  
  68  5:18  Probe  
  68  5:19  Probe  
  74  5:29  Immortal (Chrono Boost)  
  74  5:31  Stalker, Probe  
  74  5:32  Probe  
  78  5:36  Pylon  
  78  5:37  Pylon  
  78  5:45  Stalker  
  78  5:46  Stalker  
  82  5:54  Adept  
  82  5:56  Probe  
  84  5:57  Probe  
  84  6:02  Immortal (Chrono Boost)  
  90  6:08  Gateway x2  
  90  6:09  Gateway  
  90  6:21  Probe x2  
  90  6:23  Nexus  
  90  6:25  Pylon  
  90  6:33  Probe  
  90  6:34  Probe  
  90  6:35  Pylon  
  90  6:36  Forge  
  90  6:38  Pylon  
  90  6:39  Sentry  
  94  6:45  Probe  
  99  6:47  Pylon  
  99  6:48  Warp Prism  
  97  6:54  Gateway  
  97  6:55  Gateway  
  97  6:56  Probe  
  97  6:57  Probe  
  99  7:02  Pylon  
  99  7:06  Resonating Glaives, Stalker, Protoss Ground Weapons Level 1 (Chrono Boost)  
  99  7:07  Stalker  
  103  7:10  Protoss Ground Armor Level 2 (Chrono Boost)  
  103  7:16  Probe x2  
  103  7:20  Stalker  
  107  7:30  Probe  
  107  7:36  Adept x3  
  114  7:39  Observer  
  114  7:40  Probe  
  116  7:45  Assimilator  
  116  7:46  Assimilator  
  116  7:48  Robotics Bay, Pylon  
  116  7:52  Stalker x2  
  116  7:54  Stalker  
  122  8:03  Observer  
  123  8:12  Pylon  
  121  8:36  Stalker  
  121  8:37  Stalker x4  
  121  8:38  Stalker  
  121  8:39  Colossus  
  121  8:40  Extended Thermal Lance, Photon Cannon  
  139  8:44  Nexus  
  139  8:46  Pylon  
  139  8:54  Photon Cannon  
  139  9:13  Adept x4  
  139  9:14  Adept x3  
  147  9:33  Colossus  
  147  9:37  Stalker x3  
  157  9:38  Zealot x4  
  157  9:39  Zealot  
  144  10:10  Adept x2  
  144  10:11  Adept x6  
Tags
 
Add a new tag
Caveats
  • Supply blocks, unpowered buildings, or Contaminate may cause inaccurate times.
  • Supply counts are checked every 10 seconds.